 Dungeon Crawl Stone Soup version 0.30-a0-567-gf7fd966b4a (webtiles) character file.

Game seed: 3666788635125149812

138 kipponium the Grave Robber (level 5, -5/38 HPs)
             Began as a Hill Orc Necromancer on Dec 28, 2022.
             Killed by an exploding orc (29 damage)
             ... ignited by their inner flame
             ... on level 3 of the Dungeon.
             The game lasted 00:11:03 (2543 turns).

kipponium the Grave Robber (Hill Orc Necromancer)   Turns: 2543, Time: 00:11:04

Health: -5/38      AC:  2    Str: 11    XL:     5   Next: 21%
Magic:  0/7        EV: 12    Int: 17    God:
Gold:   154        SH:  0    Dex: 11    Spells: 3/7 levels left

rFire   . . .      SeeInvis .    c - +0 war axe
rCold   . . .      Faith    .    (no shield)
rNeg    . . .      Spirit   .    a - +0 robe
rPois   .          Reflect  .    (no helmet)
rElec   .          Harm     .    (no cloak)
rCorr   .          Rampage  .    (no gloves)
Will    .....                    (no boots)
Stlth   ++                       (no amulet)
HPRegen 0.26/turn                (no ring)
MPRegen 0.10/turn                (no ring)

@: no status effects
A: no striking features
a: no special abilities


You were on level 3 of the Dungeon.
You visited 1 branch of the dungeon, and saw 3 of its levels.

You collected 154 gold pieces.

Inventory:

Hand Weapons
 c - a +0 war axe (weapon)
Missiles
 i - 2 poisoned darts (quivered)
Armour
 a - a +0 robe (worn)
Scrolls
 d - a scroll of identify
 e - a scroll of blinking
Potions
 b - a potion of magic
 f - 2 potions of mutation
 g - a potion of degeneration
 j - 2 potions of invisibility


   Skills:
 + Level 0.3 Axes
 - Level 1.5 Dodging
 - Level 1.5 Stealth
 - Level 1.5 Spellcasting
 * Level 6.3 Necromancy


You had 3 spell levels left.
You knew the following spells:

 Your Spells              Type           Power      Damage    Failure   Level
a - Necrotise             Necr           88%        1d8       1%          1
b - Vampiric Draining     Necr           22%        2d7       4%          3

Your spell library contained the following spells:

 Spells                   Type           Power      Damage    Failure   Level
 Animate Dead             Necr           22%        N/A       16%         4
 Agony                    Necr           22%        N/A       38%         5


Dungeon Overview and Level Annotations

Branches:
Dungeon (3/15)

Altars:
Gozag


Message History

Aim: a worm (heavily wounded, chance to affect: 86%)
The worm writhes in agony.
The orc hits you with a +0 dagger.
Casting: Necrotise (safe; 1% risk of failure)
Confirm with . or Enter, or press ? or * to list all spells.
Aiming: Necrotise (safe; 1% risk of failure)
Press: ? - help, Shift-Dir - straight line, f/p - worm
Aim: a worm (heavily wounded, chance to affect: 86%)
The worm writhes in agony.
The orc completely misses you. The orc barely misses you.
Throw: 3 darts (poison)
Press: ? - help, Q - select action, (/) - cycle Shift-Dir - straight line, f/p - worm
Aim: a worm (severely wounded, 75% to hit)
You throw a poisoned dart.
The poisoned dart barely misses the worm.
The poisoned dart hits the kobold.
The kobold is poisoned.
The orc hits you from afar with a +0 trident!
The orc barely misses you.
An endoplasm comes into view.
The worm bites you. The kobold closely misses you.
You kill the kobold!
Casting: Necrotise (safe; 1% risk of failure)
Confirm with . or Enter, or press ? or * to list all spells.
You don't have enough magic to cast this spell.
The orc attacks as you move away! The orc hits you with a +0 dagger.
As you read the scroll labelled PAN ULANNEUSURCH, it crumbles to dust.
The creatures around you are filled with an inner flame!
It was a scroll of immolation.
The orc completely misses you.
The endoplasm quivers.
Casting: Necrotise (safe; 1% risk of failure)
Confirm with . or Enter, or press ? or * to list all spells.
Aiming: Necrotise (safe; 1% risk of failure)
Press: ? - help, Shift-Dir - straight line, f - orc, p - worm
Aim: an orc, wielding a +0 dagger and wearing a +0 leather armour (inner flame, chance to affect: 91%)
The orc writhes in agony.
Flame seeps out of the orc.
The orc is engulfed in blazing flames.
The orc explodes!
The fiery explosion engulfs you!!
Ouch! That really hurt!
You die...

###.# # # #. # #. #
#. #. #. .# #.####
#.###.#+####....####
..##......#.......###
###..#....#
#..§§.....##
#....#....#
#..@○ooJ.w.##
#....#....#
#.###§####..#
##......#### # #...
#.)## ...........#
#....#..J#
......#.##.#
#....#w..# .
......#.# #)..(....##
.. ......#.#
######....# .#
......#.# .# #....#
Z.# ......#.# .# #
..####..$.#)..##


You could see a worm, 2 orcs and an endoplasm.

Vanquished Creatures
  Terence (D:3)
  A gnoll (D:1)
  3 adders
  3 dart slugs (D:2)
  3 orcs (D:3)
  6 ball pythons
  4 endoplasms
  5 giant cockroaches
  5 goblins
  5 hobgoblins
  2 jackals (D:1)
  3 quokkas
  8 bats
  2 frilled lizards
  7 kobolds
  7 rats
65 creatures vanquished.

Vanquished Creatures (collateral kills)
  A rat (D:2)
1 creature vanquished.

Vanquished Creatures (others)
  7 fungi (D:3)
  5 plants (D:3)
12 creatures vanquished.

Grand Total: 78 creatures vanquished

Notes
Turn   | Place    | Note
-------+----------+-------------------------------------------
     0 | D:1      | kipponium the Hill Orc Necromancer began the quest for the
                  | Orb.
     0 | D:1      | Reached XP level 1. HP: 14/14 MP: 3/3
   226 | D:1      | Reached XP level 2. HP: 9/20 MP: 2/4
   608 | D:1      | Reached skill level 5 in Necromancy
   608 | D:1      | Reached XP level 3. HP: 25/26 MP: 0/5
   833 | D:1      | Learned a level 3 spell: Vampiric Draining
  1455 | D:2      | Reached XP level 4. HP: 33/33 MP: 0/6
  2257 | D:3      | Noticed Terence
  2266 | D:3      | Killed Terence
  2267 | D:3      | Reached skill level 6 in Necromancy
  2267 | D:3      | Reached XP level 5. HP: 31/38 MP: 2/7
  2343 | D:3      | Found an opulent altar of Gozag.
  2435 | D:3      | Found a faded altar of an unknown god.
  2543 | D:3      | Killed by an exploding orc... ignited by their inner flame

Illustrated notes

Levels and vault maps discovered:
D:1:      dpeg_arrival_rooms_with_view, layout_loops_ring
D:2:      layout_basic
D:3:      minmay_recursive_quarters, layout_basic, mainiacjoe_overflow_chevrons,
          grunt_gozag_breadcrumbs, chequers_temple_overflow_statue_of_worship,
          gup_sewer_entry_pipe, shapermc_ecumenical_altar_mp_ritualfount,
          uniq_terence

Skill      XL: |  1  2  3  4 |
---------------+-------------+-----
Necromancy     | 5 6 |  6.3
Axes           | |  0.3
Dodging        | |  1.5
Stealth        | |  1.5
Spellcasting   | |  1.5

Action                   |  1- 3 |  4- 6 || total
-------------------------+-------+-------++-------
Melee: Unarmed           |    11 |       ||    11
       Dagger            |     6 |       ||     6
       Hand axe          |     2 |       ||     2
       War axe           |       |    19 ||    19
Throw: Dart              |       |     1 ||     1
 Cast: Necrotise         |    64 |    41 ||   105
  Use: Scroll            |       |     7 ||     7
Armor: Robe              |     7 |     2 ||     9
Dodge: Dodged            |    17 |    26 ||    43

Table legend: (Time is in decaauts)
 A = Elapsed time spent in this place.
 B = Non-inter-level travel time spent in this place.
 C = Inter-level travel time spent in this place.
 D = Time resting spent in this place.
 E = Time spent auto-exploring this place.
 F = Levels seen in this place.
 G = Mean time per level.
                   A        B        C        D        E       F      G
               +--------+--------+--------+--------+--------+-----+--------+
         Total |   2552 |   2466 |     86 |    375 |   1604 |   3 |  850.7 |
       Dungeon |   2552 |   2466 |     86 |    375 |   1604 |   3 |  850.7 |
               +--------+--------+--------+--------+--------+-----+--------+

Top non-repeatable levels by time:
     D:1: 1255 daAuts
     D:2: 997 daAuts
     D:3: 299 daAuts
